 Dungeon Crawl Stone Soup version 0.21.0 (webtiles) character file.

36 Hekarica the Skirmisher (level 3, -2/20 HPs)
             Began as a Vine Stalker Fighter on May 19, 2018.
             Slain by an ice beast (11 damage)
             ... on level 2 of the Dungeon.
             The game lasted 00:09:50 (1044 turns).

Hekarica the Skirmisher (Vine Stalker Fighter)      Turns: 1044, Time: 00:09:51

Health: -2/20      AC:  7    Str: 19    XL:     3   Next: 37%
Magic:  0/4        EV:  7    Int:  8    God:
Gold:   42         SH:  9    Dex: 13    Spells: 2/2 levels left

rFire    . . .     SeeInvis .   a - +0 long sword
rCold    . . .     Gourm    .   c - +0 shield
rNeg     . . .     Faith    .   b - +0 scale mail
rPois    .         Spirit   +   (no helmet)
rElec    .         Reflect  .   (no cloak)
rCorr    .         Harm     .   m - +0 pair of gloves
MR       .....                  (no boots)
Stlth    ..........             (no amulet)
HPRegen  0.06/turn              (no ring)
MPRegen  0.09/turn              (no ring)

@: no status effects
A: fangs 2, magic shield, antimagic bite, no potion heal 3, rot immunity
a: no special abilities


You were on level 2 of the Dungeon.
You were hungry.

You visited 1 branch of the dungeon, and saw 2 of its levels.

You collected 42 gold pieces.

Inventory:

Hand Weapons
 a - a +0 long sword (weapon)
 h - a +0 hunting sling
Missiles
 j - 2 tomahawks (quivered)
 n - 91 stones
Armour
 b - a +0 scale mail (worn)
 c - a +0 shield (worn)
 m - a +0 pair of gloves (worn)
Jewellery
 p - an uncursed amulet of harm {unknown}
Scrolls
 e - 2 scrolls of teleportation
 g - a scroll of identify {unknown}
 l - a scroll of remove curse {unknown}
 o - a scroll of enchant armour {unknown}
Potions
 d - a potion of might
 i - a potion of mutation {unknown}
 k - 2 potions of curing
 q - a potion of agility {unknown}
Comestibles
 f - 3 rations


   Skills:
 + Level 3.0 Fighting
 + Level 2.2 Long Blades
 + Level 2.8 Armour
 + Level 3.0 Shields


You had 2 spell levels left.
You didn't know any spells.

Dungeon Overview and Level Annotations

Branches:
Dungeon (2/15)

Altars:


Innate Abilities, Weirdness & Mutations

You have extremely sharp teeth.
When hurt, damage is shared between your health and your magic reserves.
Your bite disrupts and absorbs the magic of your enemies.
Potions cannot restore your health.
You are immune to rotting.


Message History

You hit the ice beast. Your bite misses the ice beast.
The ice beast is lightly wounded.
You block the ice beast's attack.
You hit the ice beast but do no damage. Your bite misses the ice beast.
The ice beast is lightly wounded.
You block the ice beast's attack. The dart slug launches a dart at you.
The slug dart hits you!
You hit the ice beast but do no damage. Your bite misses the ice beast.
The ice beast is lightly wounded.
You block the ice beast's attack.
The ice beast hits you but does no damage.
You closely miss the ice beast. Your bite misses the ice beast.
The ice beast is lightly wounded.
The ice beast hits you but does no damage.
You hit the ice beast. You bite the ice beast. You drain its power.
The ice beast is moderately wounded.
The ice beast hits you. The ice beast freezes you!
Ouch! That really hurt!
You die...

##### #...# # ....# #. #...#
#.## #...# ... ..#### .#.##
.....# #.#.@# ####.####
##.(##Y## #
#....###..###ww########
####..#..##.....#.....## #
#....#.............## ###
##.................# ..#
##.#...............# #.#
#..#.....[...%..%(.#
#.#######.##...............#


You could see an ice beast, a worm and a dart slug.

Vanquished Creatures
  An ooze (D:2)
  2 dart slugs
  6 bats
  A giant cockroach (D:1)
  A goblin (D:1)
  4 hobgoblins
  5 kobolds (D:1)
  A ball python (D:1)
  A frilled lizard (D:1)
  4 rats
26 creatures vanquished.

Notes
Turn   | Place    | Note
-------+----------+-------------------------------------------
     0 | D:1      | Hekarica the Vine Stalker Fighter began the quest for the Orb.
     0 | D:1      | Reached XP level 1. HP: 11/11 MP: 2/2
   182 | D:1      | Reached XP level 2. HP: 11/16 MP: 3/3
   941 | D:2      | Reached XP level 3. HP: 14/20 MP: 2/4
   977 | D:2      | Noticed an ice beast
  1044 | D:2      | Slain by an ice beast

Skill      XL: |  1  2 |
---------------+-------+-----
Long Blades    | 2 |  2.2
Fighting       | 3 |  3.0
Shields        | 3 |  3.0
Armour         | |  2.8

Action                   || total
-------------------------++-------
Melee: Long sword        ||    72
       Bite              ||    15
Throw: Tomahawk          ||     5
  Use: Potion            ||     1
       Scroll            ||     1
Armor: Scale mail        ||    47
Dodge: Dodged            ||    27
Block: Shield            ||    44
       Rpst.: Long sword ||     4
